 Dungeon Crawl Stone Soup version 0.29.1-2-gbd0b4ee654 (webtiles) character file.

Game seed: 10952416544543950856

156 GorkyZ the Trooper (level 5, -1/33 HPs)
             Began as a Gargoyle Fighter on Nov 23, 2022.
             Slain by a gnoll
             ... wielding a +0 flail
              (7 damage)
             ... on level 4 of the Dungeon.
             The game lasted 00:03:44 (2462 turns).

GorkyZ the Trooper (Gargoyle Fighter)               Turns: 2462, Time: 00:03:45

Health: -1/33      AC: 14    Str: 22    XL:     5   Next: 38%
Magic:  5/5        EV:  7    Int:  8    God:
Gold:   265        SH:  4    Dex:  9    Spells: 4/4 levels left

rFire   . . .      SeeInvis .   a - +0 war axe
rCold   . . .      Faith    .   c - +0 buckler
rNeg    + . .      Spirit   .   p - +0 chain mail
rPois   ∞          Reflect  .   (no helmet)
rElec   +          Harm     .   (no cloak)
rCorr   .          Rampage  .   (no gloves)
Will    .....                   j - +0 pair of boots
Stlth   ..........              (no amulet)
HPRegen 0.11/turn               (no ring)
MPRegen 0.09/turn               (no ring)

@: no status effects
A: sickness immunity, AC +4, negative energy resistance 1, electricity
resistance, torment resistance 1, petrification resistance
a: no special abilities


You were on level 4 of the Dungeon.
You visited 1 branch of the dungeon, and saw 4 of its levels.

You collected 265 gold pieces.

Inventory:

Hand Weapons
 a - a +0 war axe (weapon)
Missiles
 g - 6 boomerangs (quivered)
 r - 2 javelins
 t - 8 poisoned darts
 u - 3 atropa-tipped darts
Armour
 b - a +0 scale mail
 c - a +0 buckler (worn)
 j - a +0 pair of boots (worn)
 p - a +0 chain mail (worn)
Scrolls
 l - a scroll of blinking {unknown}
 m - 2 scrolls of identify {unknown}
 n - a scroll of fog {unknown}
 o - a scroll of magic mapping {unknown}
 q - 2 scrolls of enchant weapon {unknown}
 v - a scroll of teleportation {unknown}
Potions
 d - 2 potions of might
 e - a potion of magic {unknown}
 f - a potion of berserk rage {unknown}
 h - a potion of flight {unknown}
 i - a potion of mutation {unknown}
 k - a potion of attraction {unknown}
 s - 3 potions of curing {unknown}


   Skills:
 + Level 4.1 Fighting
 * Level 3.3 Axes
 + Level 4.1 Armour
 + Level 4.1 Shields


You had 4 spell levels left.
You didn't know any spells.
Your spell library contained the following spells:

 Spells                   Type           Power      Damage    Failure   Level
 Dazzling Flash           Conj/Hex       0%         N/A       100%        3
 Anguish                  Hex/Necr       0%         N/A       100%        4
 Agony                    Necr           0%         N/A       100%        5
 Silence                  Hex/Air        0%         N/A       100%        5
 Enfeeble                 Hex            0%         N/A       100%        7


Dungeon Overview and Level Annotations

Branches:
Dungeon (4/15)
 Temple: D:4-7

Altars:


Innate Abilities, Weirdness & Mutations

You are immune to sickness and miasma.
Your stone body is resilient. (AC +4)
You are immune to poison.
You resist negative energy. (rN+)
You are resistant to electric shocks. (rElec)
You are resistant to unholy torment.
You are immune to petrification.


Message History

You are held in a net!
You are held in a net!
You are held in a net!
You are held in a net!
You are held in a net!
You are held in a net!
You are held in a net!
You are held in a net!
You struggle against the net.
The orc hits you but does no damage.
You struggle against the net.
The orc hits you but does no damage.
You struggle against the net.
The orc hits you with a +0 club.
You rip the net and break free!
The orc hits you but does no damage.
You barely miss the gnoll. You slash the orc!
You kill the orc!
The gnoll barely misses you. The gnoll hits you with a +0 halberd.
The gnoll hits you but does no damage. x2
Things that are here:
a +0 flail; an orc corpse You hit the gnoll but do no damage. x2; You closely miss the gnoll.
The gnoll hits you with a +0 halberd. You block the gnoll's attack.
The gnoll hits you but does no damage.
You closely miss the gnoll. x2; You hit the gnoll.
The gnoll hits you but does no damage. The gnoll hits you with a +0 whip.
The gnoll hits you with a +0 flail. You block the gnoll's attack.
The gnoll hits you with a +0 halberd. The gnoll hits you with a +0 whip.
You barely miss the gnoll. You hit the gnoll. You barely miss the gnoll.
The gnoll barely misses you. The gnoll completely misses you.
The gnoll closely misses you.
You hit the gnoll.
The gnoll is heavily wounded.
You slash the gnoll! You hit the gnoll. The gnoll hits you with a +0 halberd.
* * * LOW HITPOINT WARNING * * *
The gnoll hits you but does no damage. x2
You barely miss the gnoll.
The gnoll is heavily wounded.
You barely miss the gnoll. You closely miss the gnoll.
The gnoll hits you with a +0 halberd.
* * * LOW HITPOINT WARNING * * *
The gnoll completely misses you. x2; The gnoll hits you with a +0 flail!
You die...

. ...# . .... ##.
#..# # #.# #..#
.#..####### #..#
#.#.#...... #..#
#.#gg..####
#..####.#@)......
#.......g.....##.
##.####..<..#.#
#.## ###.......
#..# #.....##.
##.# ####### #.#
#.# #.#


You could see 3 gnolls.

Vanquished Creatures
  3 adders
  4 gnolls (D:2)
  A worm (D:2)
  A dart slug (D:1)
  5 orcs
  3 endoplasms
  4 giant cockroaches
  9 goblins
  11 hobgoblins
  10 jackals
  3 kobolds
  4 quokkas
  3 ball pythons
  7 bats
  2 frilled lizards
  2 rats
72 creatures vanquished.

Vanquished Creatures (others)
  2 fungi (D:1)
2 creatures vanquished.

Grand Total: 74 creatures vanquished

Notes
Turn   | Place    | Note
-------+----------+-------------------------------------------
     0 | D:1      | GorkyZ the Gargoyle Fighter began the quest for the Orb.
     0 | D:1      | Reached XP level 1. HP: 14/14 MP: 1/1
    62 | D:1      | Reached XP level 2. HP: 17/19 MP: 2/2
   768 | D:1      | Reached XP level 3. HP: 23/23 MP: 3/3
  1003 | D:1      | Found a faded altar of an unknown god.
  1190 | D:2      | Reached XP level 4. HP: 24/29 MP: 4/4
  1805 | D:2      | Reached XP level 5. HP: 30/33 MP: 5/5
  2462 | D:4      | Slain by a gnoll

Illustrated notes

Levels and vault maps discovered:
D:1:      eino_arrival_cavern_b, layout_rooms,
          shapermc_ecumenical_altar_mp_ritualfount
D:2:      cheibrodos_greedy_goblins, layout_rooms
D:3:      layout_rooms
D:4:      layout_loops_ring

Skill      XL: |  1  2  3  4 |
---------------+-------------+-----
Axes           | 2 3 |  3.3
Fighting       | 4 |  4.1
Armour         | 4 |  4.1
Shields        | 4 |  4.1

Action                   |  1- 3 |  4- 6 || total
-------------------------+-------+-------++-------
Melee: War axe           |   104 |   112 ||   216
Armor: Scale mail        |    81 |    28 ||   109
       Chain mail        |       |    43 ||    43
Dodge: Dodged            |    58 |    52 ||   110
Block: Buckler           |    37 |    29 ||    66
